 Dungeon Crawl Stone Soup version 0.21.1-1-g345015f (webtiles) character file.

39 inc the Scratcher (level 3, 0/17 HPs)
             Began as a Felid Chaos Knight on Feb 23, 2018.
             Succumbed to an adder's poison
             ... on level 1 of the Dungeon.
             The game lasted 00:03:47 (1734 turns).

inc the Scratcher (Felid Chaos Knight)              Turns: 1734, Time: 00:03:47

Health: 0/17       AC:  1    Str:  8    XL:     3   Next: 26%
Magic:  4/4        EV: 18    Int: 14    God:    Xom [...*..]
Gold:   81         SH:  0    Dex: 15    Spells: 2/2 levels left
                                        Lives:  0   Deaths: 0

rFire    . . .     SeeInvis +     - Unarmed
rCold    . . .     Gourm    .   (shield unavailable)
rNeg     . . .     Faith    .   (armour unavailable)
rPois    .         Spirit   .   (helmet unavailable)
rElec    .         Reflect  .   (cloak unavailable)
rCorr    .         Harm     .   (gloves unavailable)
MR       .....                  (boots unavailable)
Stlth    ++........             (no amulet)
HPRegen  0.05/turn              (no ring)
MPRegen  0.09/turn              (no ring)

@: lethally poisoned (0 -> -6), quick
A: very small, no armour, no weapons or thrown items, stealth, claws 1, fangs 3,
see invisible, carnivore, speed 1, shaggy fur 1, slow metabolism 1, sharp paws
a: Renounce Religion


You were on level 1 of the Dungeon.
You worshipped Xom.
You were a favourite toy of Xom.
You were not hungry.

You visited 1 branch of the dungeon, and saw 2 of its levels.

You collected 81 gold pieces.

Inventory:

Jewellery
 f - a +5 ring of dexterity
Scrolls
 e - 2 scrolls of remove curse {unknown}
Comestibles
 a - 4 rations


   Skills:
 - Level 3.0 Fighting
 - Level 3.2 Dodging
 + Level 4.4 Unarmed Combat


You had 2 spell levels left.
You didn't know any spells.

Dungeon Overview and Level Annotations

Branches:
Dungeon (2/15)

Altars:
Cheibriados


Innate Abilities, Weirdness & Mutations

You cannot wear armour.
You are incapable of wielding weapons or throwing items.
Your paws allow you to move quietly. (Stealth)
You have sharp claws.
You have razor-sharp teeth.
You have supernaturally acute eyesight. (SInv)
You are carnivorous and can eat meat at any time.
You cover ground quickly.
You are covered in fur. (AC +1)
You have a slow metabolism.
Your sharp claws are effective at attacking unaware monsters.


Message History

The adder is severely wounded.
* * * LOW HITPOINT WARNING * * *
You feel sick. The adder misses you. The adder closely misses you.
You claw the adder!
You kill the adder!
As you read the scroll labeled XIUWUMMEJY, it crumbles to dust.
It is a scroll of amnesia.
You feel forgetful for a moment.
As you read the scroll labeled LOZEHA CUATTA, it crumbles to dust.
It is a scroll of enchant weapon.
You aren't carrying any weapons that can be enchanted.
* * * LOW HITPOINT WARNING * * *
You feel sick.
As you read the scroll labeled WICWOUFFAMP, it crumbles to dust.
It is a scroll of identify.
f - a +5 ring of dexterity
* * * LOW HITPOINT WARNING * * *
You feel sick.
You die...
Xom guffaws!

####.# #..>.........###.....###.
####.#####.###.#.##### ##...## #.
#..............#.# ##.## #.
#..........#####.# #.######
#.##.#####)# ##.## #.......
#.##....##.####.#.# ##.#####
#.#####.#..[)..#### #..#
...........####.#.#########..####
..#####.#..# ##@###.....##.†##..
...........# #†# #..<..'...##..
.######.#.## #.###.....##..##..
## #.#.# #..#########...'.. #.#.#
##.#########..##.. #######.#.#
#...)........##.. ..........#
##......(..⌠.##.. ###.##..#######
#########...#### ###.#[........#
### #...#


There were no monsters in sight!

Vanquished Creatures
  An adder (D:1)
  A dart slug (D:1)
  2 leopard geckos (D:1)
  2 giant cockroaches (D:1)
  3 goblins (D:1)
  3 hobgoblins (D:1)
  4 jackals
  4 frilled lizards (D:1)
  3 kobolds (D:1)
  A rat (D:1)
24 creatures vanquished.

Notes
Turn   | Place    | Note
-------+----------+-------------------------------------------
     0 | D:1      | inc the Felid Chaos Knight began the quest for the Orb.
     0 | D:1      | Reached XP level 1. HP: 10/10 MP: 2/2
    27 | D:1      | Found a snail-covered altar of Cheibriados.
    47 | D:1      | XOM: potion effect (invisibility)
   467 | D:1      | Reached XP level 2. HP: 14/14 MP: 3/3
  1179 | D:1      | Reached skill level 4 in Unarmed Combat
  1269 | D:1      | XOM: mild Hex miscast
  1570 | D:1      | Reached XP level 3. HP: 7/17 MP: 4/4
  1714 | D:2      | XOM is BORED!
  1714 | D:2      | XOM: noise
  1734 | D:1      | Succumbed to an adder's poison

Skill      XL: |  1  2 |
---------------+-------+-----
Unarmed Combat | 4 |  4.4
Fighting       | |  3.0
Dodging        | |  3.2

Action                   || total
-------------------------++-------
Melee: Unarmed           ||    71
       Bite              ||     2
  Use: Scroll            ||     3
 Stab: Sleeping          ||     3
       Invisible         ||     1
  Eat: Chunk             ||     4
Armor: Skin              ||     1
Dodge: Dodged            ||    64
